Map: Ruins of Endion

Players

Elroye

  • Race: Zerg Zerg
  • League: Master

MythiC - Winner!

  • Race: Terran Terran
  • League: Master

VOD

Have the link to the VOD?

Description

Time

  • Played on: April 4, 2016, 7:16 a.m.
  • Length: 13:08
Show
View Real Time Build Order
Export as new Build Order

Elroye Zerg 

Build Orders: Hatch First 

Get SALT Encoding   

  12  0:01  Drone  
  13  0:15  Overlord  
  13  0:18  Drone  
  14  0:33  Drone x2  
  16  0:37  Drone  
  17  0:54  Hatchery  
  17  0:56  Drone  
  17  1:00  Drone  
  17  1:02  Extractor  
  17  1:14  Spawning Pool  
  17  1:16  Drone  
  17  1:20  Drone  
  18  1:31  Drone  
  19  1:42  Overlord  
  19  2:07  Queen, Zergling x4  
  19  2:08  Queen  
  23  2:10  Metabolic Boost  
  23  2:12  Drone  
  23  2:13  Drone  
  27  2:16  Drone  
  28  2:27  Drone  
  28  2:29  Drone  
  30  2:36  Extractor  
  29  2:38  Drone  
  29  2:45  Drone  
  29  2:48  Queen, Overlord  
  33  2:52  Drone  
  33  2:56  Drone  
  35  3:08  Drone x2  
  35  3:10  Drone  
  38  3:17  Drone x3  
  41  3:20  Drone  
  41  3:25  Zergling x2  
  43  3:32  Extractor  
  43  3:33  Drone  
  43  3:38  Hatchery, Overlord x2  
  43  3:42  Extractor  
  43  3:43  Roach Warren  
  41  3:54  Overlord, Lair  
  41  3:55  Overlord  
  41  3:57  Drone x4  
  41  3:58  Drone  
  46  4:06  Drone  
  47  4:11  Drone  
  48  4:19  Drone x2  
  48  4:21  Drone x4  
  48  4:22  Drone  
  48  4:23  Extractor x2  
  53  4:27  Evolution Chamber  
  53  4:28  Evolution Chamber  
  53  4:30  Roach  
  53  4:31  Roach x2  
  57  4:42  Drone  
  57  4:44  Roach  
  60  4:52  Overseer  
  59  4:53  Roach x2  
  59  4:54  Roach x2  
  59  4:56  Drone x2  
  69  5:10  Drone x3  
  69  5:11  Drone  
  69  5:13  Overlord  
  73  5:16  Overlord  
  68  5:29  Ravager  
  68  5:30  Ravager, Drone  
  68  5:31  Overlord x3, Drone x2  
  68  5:33  Glial Reconstitution  
  68  5:34  Zerg Missile Weapons Level 1  
  73  5:36  Overlord  
  73  5:50  Drone x7  
  73  5:51  Drone  
  73  5:55  Roach x3  
  64  6:06  Roach x2  
  64  6:10  Drone x2  
  66  6:12  Drone  
  66  6:16  Overseer  
  67  6:19  Drone  
  67  6:20  Drone  
  69  6:25  Drone x2  
  69  6:29  Drone  
  69  6:30  Drone x2  
  69  6:32  Drone  
  73  6:36  Drone  
  73  6:38  Drone x2  
  76  6:41  Drone  
  76  6:45  Zerg Ground Armor Level 1  
  76  6:46  Ravager  
  79  6:47  Ravager  
  79  6:49  Drone  
  79  6:51  Drone  
  79  6:52  Drone x2  
  83  6:59  Drone  
  83  7:00  Drone x5  
  89  7:06  Queen  
  89  7:07  Drone  
  89  7:08  Drone  
  92  7:18  Roach x2  
  96  7:24  Overlord, Drone  
  97  7:37  Spore Crawler  
  97  7:38  Drone  
  97  7:39  Extractor  
  97  7:40  Overlord, Extractor  
  97  7:41  Drone  
  97  7:42  Zerg Missile Weapons Level 2  
  97  7:43  Overlord  
  96  7:46  Roach  
  96  7:47  Roach x3  
  96  7:48  Overlord  
  96  7:49  Drone  
  105  8:00  Drone x4  
  105  8:04  Drone x2  
  111  8:07  Roach  
  111  8:08  Roach  
  111  8:10  Roach  
  117  8:16  Roach  
  117  8:17  Roach x3  
  125  8:21  Overlord  
  125  8:23  Drone  
  125  8:25  Roach  
  127  8:29  Drone x2  
  129  8:39  Overlord  
  129  8:43  Roach x4  
  129  8:48  Overlord  
  137  8:52  Overlord x2  
  137  8:56  Zerg Ground Armor Level 2  
  137  8:58  Infestation Pit, Overlord  
  137  8:59  Drone  
  137  9:00  Roach x4  
  145  9:03  Overlord x3  
  145  9:08  Roach x2  
  145  9:09  Hatchery  
  148  9:11  Overlord  
  148  9:13  Roach x2  
  148  9:14  Ravager  
  148  9:15  Ravager  
  154  9:18  Ravager x2  
  154  9:19  Ravager  
  154  9:21  Roach  
  154  9:22  Roach x2  
  154  9:23  Roach  
  165  9:25  Roach  
  165  9:29  Overlord  
  167  9:40  Infestor x3  
  167  9:41  Infestor  
  175  9:46  Hive  
  175  9:48  Overlord  
  175  9:58  Zerg Melee Weapons Level 1  
  175  10:02  Zergling x6  
  175  10:03  Zergling x10  
  178  10:33  Drone  
  178  10:34  Drone x5  
  178  10:35  Hatchery  
  176  10:37  Roach  
  176  10:38  Roach x5  
  178  10:55  Roach x3  
  184  11:03  Roach x3  
  184  11:08  Drone  
  184  11:09  Drone  
  184  11:10  Overlord  
  185  11:13  Queen  
  185  11:20  Ultralisk Cavern  
  139  11:34  Roach x6  
  139  11:39  Roach x2  
  103  11:50  Roach x5  
  100  11:55  Roach x2  
  98  12:08  Ultralisk x3  
  112  12:14  Roach x2  
  114  12:16  Ravager x3  
  114  12:19  Roach  
  116  12:23  Roach x2  
  116  12:25  Drone x3  
  123  12:32  Roach  
  123  12:33  Roach  
  109  12:37  Roach x3  
  109  12:43  Roach x4  
Show
View Real Time Build Order
Export as new Build Order

MythiC Terran - Winner!

Build Orders: Reaper Expand, MMM Bio 

Get SALT Encoding   

  12  0:00  SCV  
  13  0:13  SCV  
  14  0:18  Supply Depot  
  14  0:25  SCV  
  15  0:39  SCV  
  15  0:41  Barracks  
  16  0:46  Refinery  
  16  0:52  SCV  
  17  1:06  SCV  
  18  1:18  SCV  
  19  1:30  Reaper, Orbital Command  
  20  1:40  Command Center  
  20  1:52  Supply Depot  
  20  1:56  SCV  
  21  2:02  Barracks Reactor  
  21  2:08  Barracks, SCV  
  22  2:16  Refinery  
  22  2:20  SCV  
  23  2:26  Factory  
  23  2:33  SCV  
  24  2:45  Marine x2, SCV  
  27  2:57  Barracks Tech Lab, SCV  
  28  3:02  Barracks Tech Lab  
  28  3:03  Marine x2  
  28  3:04  Orbital Command  
  30  3:12  Starport  
  30  3:13  SCV, Factory Reactor  
  31  3:20  Marine  
  31  3:21  Marine  
  31  3:25  SCV  
  31  3:26  Marine  
  35  3:34  SCV  
  35  3:37  Stimpack  
  35  3:38  Marine  
  35  3:39  Marine  
  37  3:43  SCV  
  37  3:46  SCV  
  39  3:53  Widow Mine, Medivac  
  39  3:54  Supply Depot, Widow Mine  
  39  3:55  SCV  
  46  4:02  Supply Depot  
  46  4:15  Marine x3  
  46  4:16  SCV x2  
  51  4:22  Supply Depot  
  51  4:28  SCV x2  
  53  4:33  Factory Tech Lab  
  52  4:39  Medivac  
  52  4:40  SCV  
  52  4:41  Medivac  
  52  4:42  SCV, Command Center  
  52  4:43  Supply Depot  
  58  4:52  SCV  
  59  4:54  SCV  
  59  4:58  Supply Depot  
  60  5:03  Refinery  
  60  5:04  Refinery, Marine x3  
  60  5:06  Siege Tank  
  66  5:07  SCV  
  66  5:11  SCV  
  68  5:19  SCV  
  68  5:21  Liberator  
  69  5:23  SCV  
  70  5:29  Marine x2  
  70  5:31  SCV  
  71  5:36  Marine  
  71  5:39  Supply Depot x2  
  75  5:43  Siege Tank  
  78  5:53  Marine x2  
  78  5:54  SCV x2  
  81  6:06  Marine  
  81  6:09  Engineering Bay  
  81  6:10  Engineering Bay, SCV  
  79  6:11  Marine x2  
  79  6:13  Orbital Command  
  79  6:15  Siege Tank  
  84  6:26  Barracks  
  84  6:27  Engineering Bay  
  84  6:28  Barracks  
  84  6:30  Marine  
  85  6:33  Barracks  
  85  6:37  SCV  
  84  6:40  SCV, Orbital Command  
  84  6:45  Marine x2  
  84  6:46  Combat Shields  
  87  6:48  Marine  
  87  6:49  Siege Tank, SCV  
  87  6:51  Medivac  
  87  6:52  SCV  
  95  6:59  Terran Infantry Armor Level 1  
  95  7:01  SCV  
  95  7:02  Terran Infantry Weapons Level 1  
  95  7:04  SCV  
  95  7:07  SCV  
  98  7:09  Marine x2  
  98  7:13  SCV  
  90  7:16  SCV  
  90  7:19  SCV  
  90  7:21  Barracks Reactor x3  
  89  7:25  SCV  
  89  7:27  Marine x2, Siege Tank  
  89  7:28  Supply Depot, Marine, Medivac  
  89  7:29  Supply Depot, SCV  
  99  7:32  SCV  
  100  7:37  Supply Depot, SCV  
  100  7:42  SCV, Armory  
  100  7:43  Liberator  
  100  7:44  SCV  
  103  7:45  Marine x2, Liberator  
  103  7:49  SCV  
  103  7:50  Supply Depot, Marine  
  107  7:58  Marine  
  107  7:59  Marine x4  
  107  8:03  Marine x2  
  107  8:04  Refinery x2  
  120  8:06  Marine  
  120  8:07  Starport  
  120  8:08  Marine  
  120  8:11  Barracks x2  
  122  8:13  Barracks  
  122  8:15  Supply Depot, SCV  
  122  8:16  Marine x2, SCV x2  
  127  8:20  Marine  
  127  8:21  Siege Tank  
  127  8:22  Concussive Shells  
  131  8:27  Marine x2  
  131  8:28  Marine x4, SCV x2  
  139  8:35  SCV  
  139  8:36  Marine  
  139  8:37  Marine  
  139  8:38  Marine  
  143  8:45  Marine x4  
  143  8:46  Marine  
  148  8:49  Supply Depot  
  148  8:50  Supply Depot  
  148  8:51  Supply Depot  
  148  8:53  Liberator x2  
  148  8:57  Supply Depot x2  
  148  9:01  Barracks Tech Lab x2, Barracks Reactor  
  148  9:03  Terran Infantry Armor Level 2  
  148  9:10  Terran Infantry Weapons Level 2  
  154  9:23  Marauder x3  
  160  9:27  Terran Ship Weapons Level 1  
  160  9:38  Supply Depot  
  160  9:43  Marine  
  160  9:44  Marauder x2  
  165  9:49  Supply Depot  
  165  9:52  Marine  
  165  9:53  Marauder, Marine x2, Medivac  
  165  9:56  Command Center  
  165  9:57  SCV x3  
  175  10:03  Starport, Marine x3  
  175  10:05  Marauder  
  180  10:09  Marine x3  
  183  10:20  SCV  
  180  10:25  Marauder, Marine x2  
  183  10:28  Marine  
  183  10:29  Marauder, Marine x2  
  183  10:30  Medivac x2  
  184  10:41  Marauder, Marine x2  
  184  10:45  Marine x2  
  184  10:46  Marauder  
  184  10:48  Marine x2, Liberator  
  187  10:50  Marauder  
  187  10:51  Marine x3  
  187  10:52  Marine  
  187  10:53  Siege Tank  
  192  10:59  Marine x2  
  192  11:03  Marauder, Marine x2  
  187  11:04  Starport Reactor  
  187  11:06  Marine  
  187  11:08  Marauder  
  187  11:09  Medivac  
  193  11:12  Marauder  
  193  11:14  Marine x2  
  191  11:21  Marine  
  191  11:24  Marauder, Marine  
  192  11:26  Marine x3  
  192  11:27  Marine x2  
  192  11:29  Marauder  
  192  11:31  Marine  
  192  11:32  Marine  
  180  11:33  Marauder, Marine  
  180  11:39  Marine  
  160  11:42  Marine  
  160  11:44  Marine x3  
  160  11:46  Marauder  
  152  11:51  Marauder  
  149  11:55  Marauder  
  149  11:56  Liberator x2  
  149  11:57  Marine x3  
  153  12:04  Marine  
  153  12:07  Marauder  
  154  12:11  Marine x2  
  154  12:12  Marauder  
  164  12:16  Marauder  
  164  12:21  Marine  
  163  12:28  Marauder, Cyclone  
  165  12:32  Marine  
  165  12:33  Marauder  
  163  12:37  Marauder  
Tags
 
Add a new tag
Caveats
  • Supply blocks, unpowered buildings, or Contaminate may cause inaccurate times.
  • Supply counts are checked every 10 seconds.